AoeStats
← arcolys

Golden Pit

508198975Analyzed
1v1 RM · 10d ago on Sep 21, 2026· 47m 40s· 2 players
Game mode
Random Map
Map size
Tiny (2 player)
Population
200
Speed
Normal
Resources
Standard
Victory
Conquest
Starting age
Dark Age
Ending age
Imperial Age
RankedLock teamsTeams togetherTeam positionsShared explorationLock speedFull tech treeHidden civsTurbo modeCheats
Victory
Defeat
🇷🇺 Britons · Russia
453
+15
🇩🇪 Tatars · Germany
426
-15
arcolys
10:43 Feudal Age
13:03 Wheelbarrow
14:52 Double-Bit Axe
18:11 Horse Collar
18:15 Man-at-Arms
19:10 Forging
23:58 Castle Age
24:03 Scale Mail Armor
24:08 Scale Barding Armor
24:04 Padded Archer Armor
23:54 Fletching
24:18 Bloodlines
25:13 Long Swordsman
27:03 Hand Cart
31:44 Squires
32:22 Iron Casting
35:07 Husbandry
34:32 Pikeman
35:10 Bodkin Arrow
35:30 Leather Archer Armor
35:36 Chain Barding Armor
43:59 Imperial Age
47:10 Imperial Age
UMMA KHAN
9:30 Loom
12:08 Feudal Age
13:29 Wheelbarrow
12:44 Double-Bit Axe
19:52 Castle Age
21:28 Hand Cart
22:20 Horse Collar
27:10 Town Watch
28:53 Murder Holes
29:09 Masonry
29:09 Fortified Wall
29:20 Ballistics
28:55 Fletching
30:13 Bodkin Arrow
31:23 Stone Mining
31:23 Gold Mining
32:36 Town Patrol
36:04 Imperial Age
34:18 Gold Shaft Mining
34:10 Treadmill Crane
34:32 Padded Archer Armor
34:43 Forging
34:33 Scale Mail Armor
35:46 Scale Barding Armor
35:56 Leather Archer Armor
37:03 Yeomen
37:10 Bracer
37:41 Bow Saw
37:33 Elite Longbowman
38:17 Warwolf
39:37 Chemistry
39:21 Conscription
39:19 Arrowslits
39:49 Heavy Plow
41:20 Architecture
42:57 Siege Engineers
44:46 Hoardings
45:39 Ring Archer Armor
Connection lost

Rejoining the realm…

Still unreachable

The connection could not be restored.

Session expired

The server has moved on; the page needs a fresh start.